 Dungeon Crawl Stone Soup version 0.28-a0-1190-g77e1c55843 (console) character file.

Game seed: 15984155521765947759

13431 Goblin1989 the Slicer (level 11, -31/86 HPs)
             Began as a Demonspawn Brigand on Dec 18, 2021.
             Was a Believer of Uskayaw.
             Killed from afar by a lindwurm (36 damage)
             ... with a blast of flame
             ... on level 3 of the Lair of Beasts.
             The game lasted 00:49:15 (13183 turns).

Goblin1989 the Slicer (Demonspawn Brigand)         Turns: 13183, Time: 00:49:15

Health: -31/86     AC: 12    Str: 16    XL:     11   Next: 75%
Magic:  17/17      EV: 16    Int: 16    God:    Uskayaw [**....]
Gold:   1258       SH: 14    Dex: 15    Spells: 10/10 levels left

rFire   . . .      SeeInvis .   a - +4 dagger
rCold   . . .      Faith    +   S - +2 tower shield
rNeg    . . .      Spirit   .   E - +4 ring mail "Xiymp" {rPois Int+4 Slay+2}
rPois   +          Reflect  .   (no helmet)
rElec   .          Harm     .   (cloak unavailable)
rCorr   .          Rampage  .   L - +2 pair of gloves
Will    .....                   (no boots)
Stlth   ++........              f - amulet of faith {!P}
HPRegen 0.24/turn               n - +4 ring of evasion
MPRegen 0.15/turn               (no ring)

@: mighty
A: repulsion field 2, ignite blood 2, powered by pain 1, weakness stinger 3
a: Renounce Religion, Stomp, Line Pass


You were on level 3 of the Lair of Beasts.
You worshipped Uskayaw.
Uskayaw was aware of your devotion.
You visited 3 branches of the dungeon, and saw 13 of its levels.

You collected 1307 gold pieces.
You spent 49 gold pieces at shops.

Inventory:

Hand Weapons
 a - a +4 dagger (weapon)
 Q - the +8 whip "Snakebite" {venom, curare, rPois}
   (You found it on level 1 of the Lair of Beasts)

   It poisons the flesh of those it strikes.
   It occasionally inflicts asphyxiating poison on those it strikes, dealing
   poison damage and causing slowness.
   rPois:     It protects you from poison.
 W - a +0 dagger of chaos
Missiles
 d - 95 poisoned darts
 r - 2 curare-tipped darts
 D - 3 atropa-tipped darts
 H - 2 javelins {@Q2}
 I - 14 boomerangs (quivered)
 Z - 2 throwing nets {!d , @Q1}
Armour
 E - the +4 ring mail "Xiymp" (worn) {rPois Int+4 Slay+2}
   (You found it on level 6 of the Dungeon)

   Int:       It affects your intelligence (+4).
   Slay:      It affects your accuracy & damage with ranged weapons and melee
   (+2).
   rPois:     It protects you from poison.
 L - a +2 pair of gloves (worn)
 P - the +1 robe of Hysteria {rF++ Str+6 Int+8}
   (You found it on level 2 of the Lair of Beasts)

   Str:       It affects your strength (+6).
   Int:       It affects your intelligence (+8).
   rF:        It greatly protects you from fire.
 S - a +2 tower shield (worn)
Jewellery
 f - an amulet of faith (around neck) {!P}
 n - a +4 ring of evasion (left hand)
Wands
 G - a wand of mindburst (29)
 O - a wand of acid (10) {@v2}
 U - a wand of iceblast (8) {@v4}
 V - a wand of digging (8) {@v1}
Scrolls
 j - 2 scrolls of amnesia {unknown}
 p - 2 scrolls of vulnerability {unknown}
 s - 2 scrolls of magic mapping {unknown}
 v - 4 scrolls of fog {unknown}
 x - 2 scrolls of fear {unknown}
 z - 7 scrolls of enchant weapon {unknown}
 C - 2 scrolls of noise {unknown}
 F - a scroll of immolation
 J - a scroll of summoning {unknown}
 T - 5 scrolls of teleportation {!r, @r2}
 X - a scroll of enchant armour {unknown}
 Y - a scroll of blinking {unknown}
Potions
 g - 6 potions of mutation {unknown}
 h - 3 potions of curing {@q1}
 l - 5 potions of brilliance {unknown}
 o - 2 potions of flight
 t - 2 potions of might {@q4}
 w - a potion of resistance {@q6}
 A - a potion of attraction
 M - a potion of magic
 N - 2 potions of lignification
 R - a potion of ambrosia {unknown}


   Skills:
 + Level 8.1 Fighting
 * Level 10.9 Short Blades
 - Level 5.0 Throwing
 - Level 3.0 Armour
 + Level 7.2 Dodging
 - Level 5.0 Stealth
 + Level 2.4 Shields
 + Level 8.9 Invocations


You had 10 spell levels left.
You didn't know any spells.
Your spell library contained the following spells:

 Spells                   Type           Power      Damage    Failure   Level
 Sting                    Tmut/Pois      0%         1d3       100%        1
 Corpse Rot               Necr/Air       0%         N/A       100%        2
 Poisonous Vapours        Pois/Air       0%         N/A       100%        2
 Gell's Gravitas          Tloc           0%         N/A       100%        3
 Lesser Beckoning         Tloc           0%         N/A       100%        3
 Teleport Other           Tloc           0%         N/A       100%        3
 Animate Armour           Summ/Erth      0%         N/A       100%        4
 Olgreb's Toxic Radiance  Pois           0%         N/A       100%        4
 Blade Hands              Tmut           0%         N/A       100%        5
 Dispersal                Tloc           0%         N/A       100%        6
 Iron Shot                Conj/Erth      0%         9d1       100%        6


Dungeon Overview and Level Annotations

Branches:
Dungeon (9/15)             Temple (1/1) D:5            Lair (3/6) D:8
  Swamp: Lair:2-4    Shoals: Lair:2-4     Snake: Lair:2-4    Spider: Lair:2-4
    Orc: D:9-12

Altars:
Ashenzari
Cheibriados
Dithmenos
Elyvilon
Fedhas
Gozag
Hepliaklqana
Kikubaaqudgha
Makhleb
Nemelex Xobeh
Okawaru
Qazlal
Ru
Sif Muna
Trog
Uskayaw
Vehumet
Wu Jian
Xom
Yredelemnul
Zin
The Shining One
Beogh

Shops:
D:6 *

Annotations:
D:3 1 runed translucent door, NigelTetley's ghost, amateur DECj
D:6 exclusion: door
D:9 2 transporters


Innate Abilities, Weirdness & Mutations

You are surrounded by a moderate repulsion field. (EV +3)
Your demonic aura often causes spilled blood to erupt in flames.
You sometimes gain a little power by taking damage.
You have a sharp stinger which inflicts weakening toxins.


Message History

Done exploring.
Done exploring.
Done exploring.
Done exploring.
Search for what [Enter for "shi", or ? for help]? .
(D) Dungeon (T) Temple (L) Lair
Where to? (Enter - Lair:2, ? - help)
There is a stone staircase leading down here.
You climb downwards.
Found a bubbling brown potion.
There is a stone staircase leading up here.
Press: ? - help, v - describe, . - travel, g - get item Item here: a bubbling brown potion.
The floor.
Unknown command.
Unknown command.
A lindwurm comes into view.
A lindwurm is nearby!
The lindwurm roars!
You block the lindwurm's attack. The lindwurm misses you.
The lindwurm barely misses you.
Your shield and ring mail "Xiymp" prevent you from hitting the lindwurm.
You tail-slap the lindwurm, but do no damage.
The lindwurm bites you! You block the lindwurm's attack.
The lindwurm misses you.
You take 10 damage, and have 76/86 hp.
You hit the lindwurm but do no damage. You block the lindwurm's attack. x3
You barely miss the lindwurm. The lindwurm breathes flames at you.
The blast of flame hits you!
You take 10 damage, and have 66/86 hp.
You hit the lindwurm but do no damage. You tail-slap the lindwurm!
The lindwurm looks weaker.
The lindwurm is lightly wounded.
The lindwurm breathes flames at you. The blast of flame hits you!!
You take 26 damage, and have 40/86 hp.
MASSIVE DAMAGE!!
You are too injured to fight recklessly!
You are too injured to fight recklessly!
Unknown command.
Unknown command.
You hit the lindwurm but do no damage.
Your tail-slap misses the lindwurm.
The lindwurm is lightly wounded.
The lindwurm closely misses you. You block the lindwurm's attack.
The lindwurm misses you.
You hit the lindwurm.
The lindwurm is moderately wounded.
You block the lindwurm's attack. x3
You can now pass through a line of other dancers.
You hit the lindwurm.
The lindwurm is moderately wounded.
You hit the lindwurm but do no damage.
The lindwurm is moderately wounded.
The lindwurm bites you. The lindwurm closely misses you.
You block the lindwurm's attack.
You take 1 damage, and have 40/86 hp.
You barely miss the lindwurm.
The lindwurm is moderately wounded.
You block the lindwurm's attack. The lindwurm barely misses you.
The lindwurm completely misses you.
You hit the lindwurm but do no damage.
The lindwurm is moderately wounded.
The lindwurm completely misses you. You block the lindwurm's attack.
The lindwurm claws you but does no damage.
You hit the lindwurm but do no damage.
You tail-slap the lindwurm, but do no damage.
The lindwurm is moderately wounded.
The lindwurm breathes flames at you. The blast of flame hits you!!
* * * LOW HITPOINT WARNING * * *
You focus on the pain.
You feel very mighty all of a sudden.
You take 33 damage, and have 8/86 hp.
MASSIVE DAMAGE!!
You hit the lindwurm.
Your tail-slap misses the lindwurm.
The lindwurm is moderately wounded.
You block the lindwurm's attack.
The lindwurm claws you but does no damage.
The lindwurm misses you.
You hit the lindwurm but do no damage.
The lindwurm is moderately wounded.
The lindwurm is no longer weakened.
You block the lindwurm's attack. The lindwurm claws you.
* * * LOW HITPOINT WARNING * * *
You block the lindwurm's attack.
You take 3 damage, and have 5/86 hp.
You hit the lindwurm.
The lindwurm is heavily wounded.
The lindwurm barely misses you. The lindwurm misses you.
You block the lindwurm's attack.
You hit the lindwurm but do no damage.
The lindwurm is heavily wounded.
The lindwurm misses you. You block the lindwurm's attack.
The lindwurm claws you.
* * * LOW HITPOINT WARNING * * *
You take 1 damage, and have 5/86 hp.
You hit the lindwurm. You tail-slap the lindwurm.
The lindwurm looks weaker.
The lindwurm is severely wounded.
The lindwurm breathes flames at you. The blast of flame hits you!!!
You die...

........ █......
██.....█ █......█
▲.....███ █.....█.█
█ ██......█
..███.█...!...█
.......<....@k█
....................
....................
███.█████████..█████
█ ███


You could see a lindwurm (catching breath, weak).

Vanquished Creatures
  A hydra (Lair:2)
  Harold (D:8)
  A black mamba (Lair:1)
  5 cane toads
  An unseen horror (D:8)
  A komodo dragon (Lair:2)
  Psyche (D:8)
  A troll (D:8)
  8 blink frogs
  A vampire (D:9)
  2 wyverns
  8 yaks
  Edmund (D:6)
  13 water moccasins
  3 black bears
  3 necrophages (D:4)
  An ogre (D:5)
  7 orc warriors
  4 wolves (Lair:1)
  2 centaurs
  5 kobold brigands (D:6)
  A wyvern zombie (D:7)
  13 bullfrogs
  3 scorpions
  3 killer bees (D:9)
  14 wights
  4 howler monkeys
  A centaur zombie (D:8)
  2 orc priests
  3 hounds
  4 jellies
  2 centaur skeletons
  2 gnoll shamans
  3 iguanas
  4 orc wizards
  2 hound skeletons (D:4)
  14 adders
  11 gnolls
  A shadow imp (D:6)
  An ufetubus (D:5)
  An adder skeleton (D:4)
  2 worms
  2 dart slugs
  49 orcs
  3 ball pythons
  4 bats
  10 endoplasms
  2 giant cockroaches (D:1)
  8 goblins
  7 hobgoblins
  4 jackals (D:1)
  2 quokkas
  2 frilled lizards
  18 kobolds
  8 rats
280 creatures vanquished.

Vanquished Creatures (others)
  16 fungi
  5 plants
  7 toadstools (D:6)
  2 withered plants (D:3)
30 creatures vanquished.

Grand Total: 310 creatures vanquished

Notes
Turn   | Place    | Note
-------+----------+-------------------------------------------
     0 | D:1      | Goblin1989 the Demonspawn Brigand began the quest for the
                  | Orb.
     0 | D:1      | Reached XP level 1. HP: 16/16 MP: 1/1
    67 | D:1      | Reached skill level 2 in Short Blades
    93 | D:1      | Gained mutation: Your demonic aura sometimes causes spilled
                  | blood to erupt in flames. [demonic ancestry]
    93 | D:1      | Reached XP level 2. HP: 15/22 MP: 2/2
   242 | D:1      | Found a faded altar of an unknown god.
   941 | D:1      | Gained mutation: You have a small tail. [demonic ancestry]
   941 | D:1      | Reached XP level 3. HP: 27/27 MP: 3/3
  1405 | D:2      | You fall into a shaft and drop 1 floor!
  1551 | D:3      | Reached skill level 3 in Short Blades
  1551 | D:3      | Gained mutation: You are surrounded by a mild repulsion
                  | field. (EV +2) [demonic ancestry]
  1551 | D:3      | Reached XP level 4. HP: 24/33 MP: 4/4
  1802 | D:3      | Found a runed translucent door.
  1803 | D:3      | Noticed NigelTetley's ghost (amateur DECj)
  1826 | D:3      | Reached skill level 5 in Stealth
  1895 | D:3      | Gained mutation: You sometimes gain a little power by
                  | taking damage. [demonic ancestry]
  1895 | D:3      | Reached XP level 5. HP: 33/38 MP: 5/5
  2007 | D:3      | Reached skill level 1 in Dodging
  2808 | D:2      | Upgraded the game from 0.28-a0-1184-g53156a8862 to
                  | 0.28-a0-1190-g77e1c55843
  2946 | D:4      | Noticed a necrophage
  2956 | D:4      | Killed a necrophage
  2957 | D:4      | Reached skill level 4 in Short Blades
  2957 | D:4      | Gained mutation: Your demonic aura often causes spilled
                  | blood to erupt in flames. [demonic ancestry]
  2957 | D:4      | Reached XP level 6. HP: 45/46 MP: 6/6
  3219 | D:4      | Reached skill level 5 in Short Blades
  3333 | D:4      | Reached XP level 7. HP: 32/52 MP: 7/7
  3847 | D:5      | Entered Level 5 of the Dungeon
  3940 | D:5      | Reached skill level 6 in Short Blades
  4163 | D:5      | Found a staircase to the Ecumenical Temple.
  4173 | Temple   | Entered the Ecumenical Temple
  4540 | Temple   | Became a worshipper of Uskayaw the Reveller
  4601 | D:5      | Reached * piety under Uskayaw
  4626 | D:5      | Gained mutation: You are surrounded by a moderate repulsion
                  | field. (EV +3) [demonic ancestry]
  4626 | D:5      | Reached XP level 8. HP: 60/60 MP: 8/8
  4869 | D:5      | Reached ** piety under Uskayaw
  4880 | D:5      | Reached skill level 1 in Invocations
  5385 | D:6      | Identified the +4 ring mail "Xiymp" {rPois Int+4 Slay+2}
  5395 | D:6      | Found Udghimee's Fire Supplies.
  5407 | D:6      | Bought a scroll of immolation for 49 gold pieces
  5456 | D:6      | Found a shimmering blue altar of Sif Muna.
  5710 | D:6      | Reached skill level 5 in Fighting
  5710 | D:6      | Reached skill level 7 in Short Blades
  5950 | D:6      | Noticed a slime creature
  5953 | D:6      | Noticed a slime creature
  5953 | D:6      | Noticed a slime creature
  6145 | D:6      | Noticed Edmund
  6166 | D:6      | Killed Edmund
  6853 | D:7      | Reached *** piety under Uskayaw
  6855 | D:7      | Reached XP level 9. HP: 68/68 MP: 11/11
  6856 | D:7      | Reached **** piety under Uskayaw
  7062 | D:7      | Reached skill level 1 in Armour
  7071 | D:7      | Reached ***** piety under Uskayaw
  7835 | D:8      | Reached skill level 8 in Short Blades
  7879 | D:8      | Noticed a troll
  7894 | D:8      | Killed a troll
  7895 | D:8      | Reached skill level 5 in Dodging
  7895 | D:8      | Reached skill level 5 in Invocations
  8015 | D:8      | Noticed Psyche
  8019 | D:8      | Killed Psyche
  8113 | D:8      | Gained mutation: You have a tail ending in a sharp stinger.
                  | [demonic ancestry]
  8113 | D:8      | Reached XP level 10. HP: 56/76 MP: 14/14
  8335 | D:8      | Found a staircase to the Lair.
  8498 | D:8      | Noticed Harold
  8530 | D:8      | Killed Harold
  8937 | D:9      | Reached skill level 5 in Throwing
  9359 | D:9      | Reached skill level 9 in Short Blades
  9799 | D:9      | Found a transporter.
  9800 | D:9      | Found a transporter.
  9802 | D:9      | Noticed a boulder beetle
 10513 | Lair:1   | Entered Level 1 of the Lair of Beasts
 10513 | Lair:1   | Noticed a cane toad
 10518 | Lair:1   | Noticed a cane toad
 10521 | Lair:1   | Killed a cane toad
 10535 | D:8      | Killed a cane toad
 10540 | Lair:1   | Reached ****** piety under Uskayaw
 10545 | Lair:1   | Gained mutation: You have a sharp stinger which inflicts
                  | weakening toxins. [demonic ancestry]
 10545 | Lair:1   | Reached XP level 11. HP: 61/84 MP: 16/16
 10718 | Lair:1   | Reached skill level 10 in Short Blades
 11586 | Lair:1   | Found the +8 whip "Snakebite" {venom, curare, rPois}
 11887 | Lair:2   | Reached skill level 1 in Shields
 12062 | Lair:2   | Noticed a five-headed hydra
 12074 | Lair:2   | Killed a five-headed hydra
 12932 | Lair:2   | Identified the +1 robe of Hysteria {rF++ Str+6 Int+8}
 13163 | Lair:3   | Noticed a lindwurm
 13183 | Lair:3   | Killed from afar by a lindwurm

Illustrated notes

Levels and vault maps discovered:
D:1:      dpeg_arrival_tiny_g, layout_loops_cross, serial_glass,
          glass_columns_a, glass_columns_a, glass_columns_a, glass_columns_c,
          shapermc_ecumenical_altar_flowoftime, st_stairs_5, serial_bayou_pond_a
D:2:      layout_loops_ring, minmay_misc_feat_cross
D:3:      layout_basic, gammafunk_ghost_grave, minivault_24,
          minmay_fractal_squares_gapless_5
D:4:      layout_rooms
D:5:      layout_gridville, temple_pool_b
D:6:      cheibrodos_fertilizer, layout_rooms,
          mainiacjoe_overflow_six_doors_small, nicolae_shop_fire_sale
          [nicolae_sub_dead_trees], minmay_misc_feat_ornament,
          hangedman_decor_push, uniq_edmund
D:7:      layout_basic
D:8:      layout_gridville, grunt_lair_entry_orc_guard_hut, special_room
          [special_room_orc], nicolae_straight_to_the_point, uniq_harold,
          uniq_psyche
D:9:      gammafunk_boulding_lane, layout_loops_ring, hive_lemuel
Temple:   mainiacjoe_temple_trianglar_array
Lair:1:   minmay_guarded_unrand_snakebite, layout_hall_layers,
          grunt_megastairs_4
Lair:2:   layout_regular_city, serial_bayou_shore_a
Lair:3:   layout_regular_city, serial_bayou_shore_b, infiniplex_staircase_pool_2

Skill      XL: |  1  2  3  4  5  6  7  8  9 10 11 |
---------------+----------------------------------+-----
Short Blades   | 2 3 4 5 6 7 8 9 10 | 10.9
Stealth        | 4 5 |  5.0
Dodging        | 1 2 3 4 5 6 7 |  7.2
Fighting       | 3 4 5 6 7 8 |  8.1
Invocations    | 3 5 7 8 |  8.9
Throwing       | 2 4 5 |  5.0
Armour         | 2 3 |  3.0
Shields        | 2 |  2.4

Action                   |  1- 3 |  4- 6 |  7- 9 | 10-12 || total
-------------------------+-------+-------+-------+-------++-------
Melee: Dagger            |   117 |   147 |   429 |   455 ||  1148
       Tailslap          |     1 |    30 |    62 |    84 ||   177
Throw: Dart              |       |     7 |    33 |    10 ||    50
       Boomerang         |       |       |       |     7 ||     7
Evoke: Wand              |       |       |       |     1 ||     1
  Use: Potion            |       |     2 |       |     2 ||     4
       Scroll            |       |       |       |     9 ||     9
 Stab: Sleeping          |     9 |    13 |    10 |     1 ||    33
       Paralysed         |       |       |    13 |    13 ||    26
       Distracted        |       |       |     1 |     1 ||     2
Armor: Robe              |    26 |    24 |    13 |       ||    63
       Ring mail         |       |       |    37 |   102 ||   139
Dodge: Dodged            |    54 |   103 |   262 |   312 ||   731
Block: Tower shield      |       |       |       |    78 ||    78

Table legend: (Time is in decaauts)
 A = Elapsed time spent in this place.
 B = Non-inter-level travel time spent in this place.
 C = Inter-level travel time spent in this place.
 D = Time resting spent in this place.
 E = Time spent auto-exploring this place.
 F = Levels seen in this place.
 G = Mean time per level.
                   A        B        C        D        E       F      G
               +--------+--------+--------+--------+--------+-----+--------+
         Total |  12841 |  11901 |    940 |   1249 |   8475 |  13 |  987.8 |
       Dungeon |   9968 |   9218 |    750 |    872 |   6519 |   9 | 1107.6 |
        Temple |    390 |    340 |     50 |      0 |    339 |   1 |  390.0 |
          Lair |   2482 |   2343 |    139 |    377 |   1616 |   3 |  827.3 |
               +--------+--------+--------+--------+--------+-----+--------+

Top non-repeatable levels by time:
     D:8: 1684 daAuts
     D:6: 1483 daAuts
  Lair:1: 1350 daAuts
     D:1: 1265 daAuts
     D:9: 1201 daAuts
  Lair:2: 1111 daAuts
     D:4: 1014 daAuts
     D:3: 992 daAuts
     D:7: 887 daAuts
     D:5: 750 daAuts
     D:2: 690 daAuts
  Temple: 390 daAuts
  Lair:3: 20 daAuts
